[Event "SWE-ch 2019"]
[Site "Eskilstuna"]
[Date "2019.07.10"]
[Round "5.2"]
[White "Sagit, Rauan"]
[Black "Wiedenkeller, Michael"]
[Result "1-0"]
[ECO "A07"]
[WhiteElo "2429"]
[BlackElo "2461"]
[Annotator "ChessBase"]
[PlyCount "232"]
[EventDate "2019.07.06"]
[EventType "tourn"]
[EventCountry "SWE"]
[SourceTitle "playchess.com"]
[Source "ChessBase"]
[SourceQuality "1"]
[TimeControl "40/5400+30:1800+30"]

1. Nf3 d5 2. g3 c6 3. Bg2 Bg4 4. h3 Bxf3 5. Bxf3 e5 6. d3 Nf6 7. e3 Bd6 8. Nc3 O-O 9. O-O Nbd7 10. Bg2 Re8 11. e4 dxe4 12. Nxe4 Nxe4 13. dxe4 Bc5 14. c3 a5 15. Rb1 Qe7 16. Qe2 Qe6 17. b3 h6 18. Rd1 Red8 19. Bd2 Nf6 20. Be1 Bb6 21. Rxd8+ Rxd8 22. Rd1 Rxd1 23. Qxd1 Qd7 24. Qxd7 Nxd7 25. Kf1 Kf8 26. Ke2 Ke7 27. h4 h5 28. Bd2 Nf8 29. Bh3 Bc7 30. Bg5+ f6 31. Be3 Ne6 32. f3 g6 33. Kd2 Bd8 34. Ke2 Bc7 35. Kd3 Kf7 36. Kc4 b5+ 37. Kd3 Ke7 38. a4 Bd6 39. Bxe6 Kxe6 40. Bb6 Kd7 41. Bxa5 Bc5 42. Ke2 f5 43. exf5 gxf5 44. Bb4 Ba7 45. c4 bxa4 46. bxa4 Bd4 47. Be1 e4 48. fxe4 fxe4 49. Bf2 c5 50. Be1 Kc6 51. Kf1 Bb2 52. Kf2 Bc1 53. Ke2 Kb6 54. Bd2 Ba3 55. Ke3 Bb4 56. Bxb4 cxb4 57. Kxe4 Ka5 58. c5 b3 59. Kd3 Kxa4 60. c6 Ka3 61. c7 b2 62. c8=Q b1=Q+ 63. Qc2 Qb5+ 64. Qc4 Qf5+ 65. Ke3 Qe5+ 66. Kf3 Qf6+ 67. Qf4 Qc6+ 68. Ke3 Qe6+ 69. Kd4 Qg6 70. Ke5 Ka2 71. Qg5 Qe8+ 72. Kf6 Qf8+ 73. Kg6 Qe8+ 74. Kg7 Qd7+ 75. Kh6 Qe8 76. Kh7 Qf7+ 77. Qg7 Qf3 78. Kh6 Ka3 79. Qe5 Qf7 80. Kg5 Qh7 81. Qd6+ Ka2 82. Qa6+ Kb2 83. Qe2+ Ka3 84. Qxh5 Qe7+ 85. Kf4 Qb4+ 86. Kf3 Qb7+ 87. Kf2 Qb2+ 88. Qe2 Qg7 89. g4 Kb4 90. Qe4+ Kc5 91. h5 Kd6 92. Qf4+ Ke6 93. Kf3 Qa1 94. Kg3 Qe1+ 95. Qf2 Qe4 96. Kh4 Qe5 97. Qg3 Qd5 98. Qe3+ Kf7 99. Qf4+ Ke8 100. Qf5 Qd2 101. Qe5+ Kf7 102. Qc7+ Kf6 103. Qc6+ Kf7 104. Qe4 Kg7 105. Qe7+ Kh8 106. Qe5+ Kh7 107. Kg3 Qd3+ 108. Kf4 Qd2+ 109. Kf5 Qd7+ 110. Qe6 Qb5+ 111. Kf6 Qb2+ 112. Ke7 Qb4+ 113. Kf7 Qb7+ 114. Qe7 Qf3+ 115. Ke6+ Kg8 116. Qg5+ Kh7 1-0

[Event "SWE-ch 2019"]
[Site "Eskilstuna"]
[Date "2019.07.10"]
[Round "5.3"]
[White "Smith, Axel"]
[Black "Hillarp Persson, Tiger"]
[Result "1-0"]
[ECO "E25"]
[WhiteElo "2469"]
[BlackElo "2562"]
[Annotator "ChessBase"]
[PlyCount "165"]
[EventDate "2019.07.06"]
[EventType "tourn"]
[EventCountry "SWE"]
[SourceTitle "playchess.com"]
[Source "ChessBase"]
[SourceQuality "1"]
[TimeControl "40/5400+30:1800+30"]

1. d4 Nf6 2. c4 e6 3. Nc3 Bb4 4. f3 d5 5. a3 Bxc3+ 6. bxc3 c5 7. cxd5 Nxd5 8. dxc5 Qa5 9. e4 Ne7 10. Be3 Nd7 11. Qb3 O-O 12. Bb5 Qc7 13. Bxd7 Bxd7 14. Ne2 Nc6 15. O-O Na5 16. Qb4 Nc6 17. Qb3 Na5 18. Qb4 Nc6 19. Qb2 Na5 20. Bf2 e5 21. Qb4 Nc6 22. Qb2 Na5 23. Rab1 Rfd8 24. Qb4 f5 25. Rfd1 fxe4 26. Qxe4 Be8 27. Qb4 Bg6 28. Rbc1 Nc6 29. Qa4 Rxd1+ 30. Rxd1 Rd8 31. Ng3 h6 32. h4 Kf8 33. Rxd8+ Qxd8 34. Qg4 Qe8 35. Be3 h5 36. Qg5 Qf7 37. Bf2 Qf6 38. Qd2 Qd8 39. Qb2 Qd7 40. Qb3 Qf7 41. Qd1 Kg8 42. Nf1 Qa2 43. Qc1 Qb1 44. Qxb1 Bxb1 45. g4 g6 46. Ng3 hxg4 47. fxg4 Kf7 48. Kg2 Ke6 49. Kf3 Kd5 50. h5 gxh5 51. gxh5 Bh7 52. h6 Na5 53. Be3 Nc4 54. Bc1 a6 55. Nh5 Ke6 56. Kg4 e4 57. Kf4 Ne5 58. Be3 Nc4 59. Bd4 e3 60. Bxe3 Nxa3 61. Bd4 Nc4 62. Nf6 Bg6 63. h7 Bxh7 64. Nxh7 a5 65. Ke4 a4 66. Ng5+ Kd7 67. Nf3 a3 68. Ne1 a2 69. Nc2 Ke6 70. Na1 Nb2 71. Bg1 Nc4 72. Kd4 Ne5 73. Be3 Kf5 74. Bc1 Ke6 75. Bf4 Nc6+ 76. Kc4 Kf5 77. Bc1 Ke4 78. Bb2 Ne5+ 79. Kb3 Nd3 80. Ba3 Kd5 81. Nc2 Ne1 82. Bb2 Nd3 83. Nb4+ 1-0

[Event "SWE-ch 2019"]
[Site "Eskilstuna"]
[Date "2019.07.10"]
[Round "5.4"]
[White "Kucuksari, Kaan"]
[Black "Hector, Jonny"]
[Result "0-1"]
[ECO "D23"]
[WhiteElo "2310"]
[BlackElo "2487"]
[Annotator "ChessBase"]
[PlyCount "137"]
[EventDate "2019.07.06"]
[EventType "tourn"]
[EventCountry "SWE"]
[SourceTitle "playchess.com"]
[Source "ChessBase"]
[SourceQuality "1"]
[TimeControl "40/5400+30:1800+30"]

1. d4 d5 2. Nf3 Nf6 3. c4 c6 4. Qb3 dxc4 5. Qxc4 Bg4 6. Nc3 Nbd7 7. Bf4 Nb6 8. Qd3 Bxf3 9. gxf3 Nfd5 10. Nxd5 Nxd5 11. Bd2 e6 12. Qb3 Qc7 13. e4 Nb6 14. f4 O-O-O 15. Be3 Bd6 16. a4 Bxf4 17. a5 Nd7 18. a6 Bxe3 19. axb7+ Kb8 20. fxe3 Qxb7 21. Qc2 c5 22. Ba6 Qb4+ 23. Qc3 Qxc3+ 24. bxc3 cxd4 25. exd4 Nb6 26. Ke2 Rd7 27. Ke3 Rhd8 28. Rhd1 Rc7 29. Rdc1 e5 30. d5 Rd6 31. c4 Nd7 32. Bb5 Nc5 33. Rcb1 Kc8 34. Bc6 Rh6 35. Ra5 Rh3+ 36. Kf2 Nxe4+ 37. Kg2 Rc3 38. Rab5 Rc2+ 39. Kg1 Kd8 40. Rb8+ Ke7 41. R1b7 Rxb7 42. Rxb7+ Kf6 43. Bb5 Nd6 44. Rxa7 Nxb5 45. cxb5 Rc5 46. Ra6+ Kf5 47. Ra7 Kg6 48. b6 Rxd5 49. b7 Rb5 50. Kf2 Rb3 51. Ke2 e4 52. Kd2 e3+ 53. Ke2 h5 54. h4 f6 55. Kf3 Kh6 56. Ke2 g5 57. Ra6 Kg7 58. Ra7 Kg6 59. Ra6 Kf5 60. Ra5+ Kg4 61. Ra4+ Kg3 62. hxg5 fxg5 63. Ra5 Kh4 64. Ra7 g4 65. Kf1 Kg3 66. Ke2 h4 67. Kd1 h3 68. Ke2 h2 69. Ra1 0-1

[Event "SWE-ch 2019"]
[Site "Eskilstuna"]
[Date "2019.07.10"]
[Round "5.5"]
[White "Cramling, Pia"]
[Black "Johansson, Linus"]
[Result "1/2-1/2"]
[ECO "A31"]
[WhiteElo "2479"]
[BlackElo "2480"]
[Annotator "ChessBase"]
[PlyCount "172"]
[EventDate "2019.07.06"]
[EventType "tourn"]
[EventCountry "SWE"]
[SourceTitle "playchess.com"]
[Source "ChessBase"]
[SourceQuality "1"]
[TimeControl "40/5400+30:1800+30"]

1. Nf3 c5 2. c4 Nc6 3. d4 cxd4 4. Nxd4 Qb6 5. e3 e6 6. Nc3 Nf6 7. Be2 Be7 8. O-O O-O 9. b3 d5 10. Na4 Qa5 11. Bd2 Qd8 12. Bc3 Bd7 13. cxd5 Nxd5 14. Bb2 Nxd4 15. Bxd4 Bxa4 16. bxa4 Bf6 17. Bf3 Nb6 18. Bxf6 Qxf6 19. Qb3 Rac8 20. Rad1 Rc3 21. Qb5 Rc2 22. Rd4 e5 23. Re4 Rxa2 24. a5 Nc8 25. Qxe5 Qa6 26. Rg4 g6 27. Qc7 Qxa5 28. Qxa5 Rxa5 29. Bxb7 Nb6 30. Rd1 Kg7 31. g3 Rb8 32. Bf3 Rc8 33. Rgd4 Rc2 34. R4d2 Rc7 35. h4 Kf6 36. Rd4 Ra2 37. R1d2 Rxd2 38. Rxd2 h5 39. Kg2 Ke7 40. Ra2 Kd6 41. Ra5 Nc4 42. Rd5+ Ke6 43. Rd4 Nb6 44. Bd1 Rc3 45. Rd8 Ke7 46. Rb8 Rd3 47. Bc2 Rd8 48. Rb7+ Rd7 49. Rb8 Nc4 50. Bb3 Ne5 51. Rb5 Ng4 52. Bd5 Rc7 53. Bf3 Nf6 54. Re5+ Kd6 55. Ra5 Nd7 56. Rd5+ Ke7 57. Ra5 Nc5 58. Ra2 Nd3 59. Be4 Ne5 60. Ra5 Nc4 61. Ra6 Nb6 62. Ra5 Kd6 63. Bf3 Nc4 64. Rd5+ Ke7 65. Be2 Ke6 66. Rd4 Nb6 67. Bd1 Rd7 68. Bb3+ Ke7 69. Rf4 Kf8 70. Kf3 Kg7 71. Rb4 Rd2 72. Ba4 Kf8 73. Bc6 Ke7 74. e4 Rc2 75. Bb5 Ke6 76. Bd3 Rc3 77. Ke3 Ra3 78. f4 Kd6 79. Kd4 Ra1 80. e5+ Ke7 81. Rb3 Ra5 82. Bb5 Nd7 83. Bc4 Nb6 84. Bb5 Nd7 85. Bc4 Nb6 86. Bb5 Nd7 1/2-1/2

[Event "SWE-ch 2019"]
[Site "Eskilstuna"]
[Date "2019.07.11"]
[Round "6.1"]
[White "Lokander, Martin"]
[Black "Wiedenkeller, Michael"]
[Result "1/2-1/2"]
[ECO "A18"]
[WhiteElo "2397"]
[BlackElo "2461"]
[Annotator "ChessBase"]
[PlyCount "81"]
[EventDate "2019.07.06"]
[EventType "tourn"]
[EventCountry "SWE"]
[SourceTitle "playchess.com"]
[Source "ChessBase"]
[SourceQuality "1"]
[TimeControl "40/5400+30:1800+30"]

1. c4 Nf6 2. Nc3 e6 3. e4 d5 4. cxd5 exd5 5. e5 Ne4 6. Nf3 Bf5 7. d3 Nxc3 8. bxc3 c5 9. d4 Nc6 10. Bd3 Bxd3 11. Qxd3 cxd4 12. Nxd4 Nxd4 13. cxd4 Bb4+ 14. Ke2 Qa5 15. a3 Bc3 16. Rb1 O-O 17. Rb5 Qa4 18. Rxd5 Rac8 19. Be3 Qxa3 20. Rc5 Rxc5 21. dxc5 Qa2+ 22. Kf3 Bxe5 23. Rb1 b6 24. cxb6 axb6 25. Rxb6 g6 26. g3 Qa8+ 27. Qe4 Qxe4+ 28. Kxe4 Re8 29. Kf3 h5 30. Bf4 Bxf4 31. Kxf4 Re2 32. Kf3 Re5 33. h4 Kg7 34. Kg2 Rf5 35. Ra6 Re5 36. Rb6 Rf5 37. Ra6 Re5 38. Rb6 Rf5 39. Ra6 Re5 40. Rb6 Rf5 41. Ra6 1/2-1/2

[Event "SWE-ch 2019"]
[Site "Eskilstuna"]
[Date "2019.07.11"]
[Round "6.3"]
[White "Johansson, Linus"]
[Black "Kucuksari, Kaan"]
[Result "1-0"]
[ECO "A07"]
[WhiteElo "2480"]
[BlackElo "2310"]
[Annotator "ChessBase"]
[PlyCount "103"]
[EventDate "2019.07.06"]
[EventType "tourn"]
[EventCountry "SWE"]
[SourceTitle "playchess.com"]
[Source "ChessBase"]
[SourceQuality "1"]
[TimeControl "40/5400+30:1800+30"]

1. Nf3 Nf6 2. g3 d5 3. Bg2 c6 4. O-O Bf5 5. b3 Nbd7 6. Bb2 e6 7. d3 Bd6 8. Nbd2 Qe7 9. Qe1 Bg4 10. e4 Bxf3 11. Nxf3 dxe4 12. dxe4 e5 13. Nh4 g6 14. Qd2 Nc5 15. Rae1 O-O-O 16. Qc1 Ne6 17. Kh1 Nh5 18. Nf3 f6 19. Nd2 Bc5 20. c3 Nhg7 21. b4 Bd6 22. Nc4 h5 23. Nxd6+ Rxd6 24. Rd1 h4 25. Rxd6 Qxd6 26. Rd1 Qc7 27. Kg1 h3 28. Bf3 Kb8 29. Rd3 Ng5 30. Bh1 N7e6 31. Qd1 c5 32. a3 a5 33. b5 c4 34. Rd7 Rd8 35. Rxd8+ Qxd8 36. Qxd8+ Nxd8 37. f4 Ngf7 38. f5 gxf5 39. exf5 Nd6 40. Bd5 Nxb5 41. Bxc4 Nd6 42. Bf1 Nxf5 43. Bxh3 Nh6 44. a4 b6 45. Ba3 Nb7 46. Bf8 Nf7 47. Be6 Ng5 48. Bd5 Kc7 49. h4 Nh7 50. Bg7 Nd6 51. g4 f5 52. g5 1-0

[Event "SWE-ch 2019"]
[Site "Eskilstuna"]
[Date "2019.07.11"]
[Round "6.4"]
[White "Hector, Jonny"]
[Black "Smith, Axel"]
[Result "1/2-1/2"]
[ECO "C02"]
[WhiteElo "2487"]
[BlackElo "2469"]
[Annotator "ChessBase"]
[PlyCount "128"]
[EventDate "2019.07.06"]
[EventType "tourn"]
[EventCountry "SWE"]
[SourceTitle "playchess.com"]
[Source "ChessBase"]
[SourceQuality "1"]
[TimeControl "40/5400+30:1800+30"]

1. e4 e6 2. d4 d5 3. e5 c5 4. c3 Nc6 5. Nf3 Nge7 6. a3 cxd4 7. cxd4 Nf5 8. Nc3 Be7 9. b4 Bd7 10. Bd3 a5 11. Bxf5 axb4 12. Nxd5 exd5 13. Bxd7+ Qxd7 14. a4 O-O 15. Be3 Ra6 16. Nd2 Rfa8 17. O-O b5 18. a5 Nxa5 19. Nb3 Nc4 20. Rb1 Qf5 21. Nc5 Bxc5 22. dxc5 Nxe3 23. fxe3 Qxe5 24. Qd4 Qg5 25. h4 Qe7 26. Rxb4 Ra4 27. Rfb1 Rc8 28. Qxd5 Qxe3+ 29. Kh2 h6 30. c6 Qe8 31. Qxb5 Rxb4 32. Rxb4 Rxc6 33. Rc4 Rc8 34. Qxe8+ Rxe8 35. Kg3 Re5 36. Kf4 Rd5 37. g3 Kh7 38. Rc6 Ra5 39. Kg4 g6 40. Kf3 Kg7 41. Kf2 Ra3 42. Kg2 Re3 43. Ra6 Re6 44. Ra3 Kf6 45. Rf3+ Ke7 46. Ra3 Re4 47. Ra6 Rd4 48. Rb6 Rd6 49. Rb3 Ke6 50. Re3+ Kf6 51. Rf3+ Kg7 52. Ra3 Rd4 53. Ra6 Rd3 54. Kf2 f5 55. Ra7+ Kf6 56. Ra6+ Kf7 57. h5 gxh5 58. Rxh6 Rd2+ 59. Kg1 f4 60. gxf4 Rd4 61. Rxh5 Rxf4 62. Rh2 Kf6 63. Rf2 Kf5 64. Rxf4+ Kxf4 1/2-1/2

[Event "SWE-ch 2019"]
[Site "Eskilstuna"]
[Date "2019.07.12"]
[Round "7.1"]
[White "Wiedenkeller, Michael"]
[Black "Hillarp Persson, Tiger"]
[Result "1/2-1/2"]
[ECO "A61"]
[WhiteElo "2461"]
[BlackElo "2562"]
[Annotator "ChessBase"]
[PlyCount "119"]
[EventDate "2019.07.06"]
[EventType "tourn"]
[EventCountry "SWE"]
[SourceTitle "playchess.com"]
[Source "ChessBase"]
[SourceQuality "1"]
[TimeControl "40/5400+30:1800+30"]

1. d4 e6 2. c4 c5 3. d5 exd5 4. cxd5 d6 5. Nc3 g6 6. Nf3 a6 7. a4 Bg7 8. Bf4 Nf6 9. h3 O-O 10. e3 Qe7 11. Be2 Nbd7 12. O-O Rb8 13. a5 Ne8 14. Na4 Nc7 15. Rc1 b5 16. axb6 Nxb6 17. Nxc5 Nbxd5 18. Nd3 Nxf4 19. exf4 Bf5 20. Re1 Ne6 21. Rc6 a5 22. Qd2 Qd8 23. Bd1 Bxd3 24. Qxd3 Nxf4 25. Qd2 Be5 26. b3 Rb5 27. Qc2 Qb8 28. g3 Ne6 29. Re3 Nd4 30. Nxd4 Bxd4 31. Rd3 Bc5 32. Qc4 Rb4 33. Qd5 Qe8 34. Kf1 Re4 35. Rc7 Re5 36. Qc6 Qe6 37. Kg2 Rf5 38. Rf3 Rd5 39. Re7 Qxe7 40. Qxd5 Kg7 41. Bc2 f5 42. Bd3 Qf7 43. Qxf7+ Rxf7 44. g4 f4 45. Bc4 Rf8 46. h4 h6 47. Rd3 Rb8 48. Rd2 Re8 49. Re2 Rxe2 50. Bxe2 Kf6 51. Bd3 g5 52. hxg5+ hxg5 53. Kf3 Ke5 54. Bh7 Kd4 55. Ke2 d5 56. Bg8 Bb4 57. f3 Bc3 58. Bf7 Bb4 59. Bg8 Bc3 60. Bf7 1/2-1/2

[Event "SWE-ch 2019"]
[Site "Eskilstuna"]
[Date "2019.07.12"]
[Round "7.2"]
[White "Kucuksari, Kaan"]
[Black "Blomqvist, Erik"]
[Result "1/2-1/2"]
[ECO "D04"]
[WhiteElo "2310"]
[BlackElo "2492"]
[Annotator "ChessBase"]
[PlyCount "81"]
[EventDate "2019.07.06"]
[EventType "tourn"]
[EventCountry "SWE"]
[SourceTitle "playchess.com"]
[Source "ChessBase"]
[SourceQuality "1"]
[TimeControl "40/5400+30:1800+30"]

1. d4 Nf6 2. Nf3 d5 3. e3 c5 4. b3 cxd4 5. exd4 Bg4 6. h3 Bxf3 7. Qxf3 Nc6 8. c3 e6 9. Bd3 Be7 10. O-O O-O 11. Bf4 Ne8 12. Nd2 Bd6 13. Rfe1 Bxf4 14. Qxf4 Qf6 15. Qg3 Rc8 16. Nf3 g6 17. Bb5 a6 18. Bxc6 Rxc6 19. Ne5 Rc7 20. c4 dxc4 21. bxc4 Qd8 22. c5 Qxd4 23. Rad1 Qb4 24. Re2 f6 25. Nd7 Qa4 26. Qb3 Qxb3 27. axb3 Rf7 28. Rxe6 Rfxd7 29. Rxe8+ Kf7 30. Rxd7+ Rxd7 31. Rc8 Ke6 32. c6 Rd1+ 33. Kh2 bxc6 34. Rxc6+ Rd6 35. Rc5 Rb6 36. h4 Kd6 37. Ra5 Kc6 38. b4 h5 39. g3 Kd6 40. Kg2 Rxb4 41. Rxa6+ 1/2-1/2

[Event "SWE-ch 2019"]
[Site "Eskilstuna"]
[Date "2019.07.12"]
[Round "7.3"]
[White "Sagit, Rauan"]
[Black "Hector, Jonny"]
[Result "1-0"]
[ECO "D02"]
[WhiteElo "2429"]
[BlackElo "2487"]
[Annotator "ChessBase"]
[PlyCount "171"]
[EventDate "2019.07.06"]
[EventType "tourn"]
[EventCountry "SWE"]
[SourceTitle "playchess.com"]
[Source "ChessBase"]
[SourceQuality "1"]
[TimeControl "40/5400+30:1800+30"]

1. Nf3 d5 2. g3 Nc6 3. d4 Bf5 4. Bg2 Nb4 5. Na3 e6 6. c3 Nc6 7. Qb3 Rb8 8. Nh4 Be4 9. f3 Bg6 10. Nxg6 hxg6 11. e4 b5 12. Bf4 b4 13. Qa4 Qd7 14. Nb5 Rb7 15. Nxc7+ Rxc7 16. Bxc7 Qxc7 17. exd5 exd5 18. O-O Qd7 19. Rfe1+ Be7 20. Bf1 Kf8 21. Bb5 Qh3 22. Re2 Nd8 23. Qxa7 g5 24. Rae1 g6 25. Rg2 Qc8 26. Re3 bxc3 27. bxc3 Kg7 28. Qb6 Ne6 29. Ba6 Qa8 30. Bb7 Qa3 31. Bxd5 Qc1+ 32. Kf2 Qd2+ 33. Re2 Qxc3 34. Qb2 Qxd4+ 35. Qxd4+ Nxd4 36. Rb2 Nf6 37. Bb7 Ba3 38. Rb1 Rb8 39. Rgg1 Nf5 40. Kg2 Rd8 41. Kh1 g4 42. Rgd1 Rh8 43. Rd3 Bc5 44. Kg2 Ne3+ 45. Kh1 Nh5 46. Kg1 Re8 47. Rb5 Ba7 48. Ra5 Bb6 49. Rb5 Nc4+ 50. Kf1 Nf6 51. a4 Ba7 52. a5 Ne5 53. Rdb3 gxf3 54. Bxf3 Nxf3 55. Rxf3 Ng4 56. Rb2 Re5 57. Ra2 Rh5 58. h4 Rb5 59. Ke2 Rb1 60. Rf1 Rb5 61. Rf4 Ne5 62. a6 Rb3 63. Ra5 Nc6 64. Rd5 Re3+ 65. Kd1 Rxg3 66. Rd7 Rg1+ 67. Kc2 Rg2+ 68. Kb3 Rg3+ 69. Ka4 Kg8 70. Rc4 Ne5 71. Rc8+ Kg7 72. Rxa7 Rg1 73. Rc3 Rh1 74. Rac7 Rxh4+ 75. Kb5 Rh1 76. Ra3 Rb1+ 77. Ka4 Rb8 78. a7 Ra8 79. Kb5 g5 80. Re7 Kf6 81. Rb7 g4 82. Rb8 Rxa7 83. Rxa7 Kf5 84. Rg8 Kf4 85. Ra4+ Ke3 86. Rg5 1-0

[Event "SWE-ch 2019"]
[Site "Eskilstuna"]
[Date "2019.07.12"]
[Round "7.4"]
[White "Smith, Axel"]
[Black "Johansson, Linus"]
[Result "1/2-1/2"]
[ECO "B31"]
[WhiteElo "2469"]
[BlackElo "2480"]
[Annotator "ChessBase"]
[PlyCount "102"]
[EventDate "2019.07.06"]
[EventType "tourn"]
[EventCountry "SWE"]
[SourceTitle "playchess.com"]
[Source "ChessBase"]
[SourceQuality "1"]
[TimeControl "40/5400+30:1800+30"]

1. e4 c5 2. Nf3 Nc6 3. Bb5 g6 4. O-O Bg7 5. c3 Nh6 6. d4 O-O 7. dxc5 f5 8. Nbd2 Kh8 9. Bd3 b6 10. Nb3 bxc5 11. Nxc5 d6 12. Nb3 e5 13. Re1 Be6 14. exf5 gxf5 15. Nfd4 Nxd4 16. Nxd4 Bd7 17. Bxh6 Bxh6 18. Qh5 Qf6 19. Nxf5 Bxf5 20. Bxf5 Qxf5 21. Qxh6 Qxf2+ 22. Kh1 Rf6 23. Qe3 Rg8 24. Qxf2 Rxf2 25. g3 Rxb2 26. Reb1 Rgb8 27. Rxb2 Rxb2 28. Rd1 Rb6 29. Kg2 Kg7 30. Kf3 Kf6 31. Ke4 Ke6 32. Rd2 a5 33. Rf2 Rb1 34. Rf8 Re1+ 35. Kd3 Rd1+ 36. Ke3 Re1+ 37. Kd3 Rh1 38. Re8+ Kf5 39. Rf8+ Ke6 40. Re8+ Kf7 41. Rd8 Ke7 42. Ra8 Rxh2 43. Rxa5 Rh3 44. Ra7+ Kf6 45. Kc4 Rxg3 46. Rxh7 Ke6 47. Rh6+ Kd7 48. Rh8 Kc6 49. Rc8+ Kb7 50. Rh8 Kc6 51. Rc8+ Kb7 1/2-1/2

[Event "SWE-ch 2019"]
[Site "Eskilstuna"]
[Date "2019.07.12"]
[Round "7.5"]
[White "Cramling, Pia"]
[Black "Lokander, Martin"]
[Result "1/2-1/2"]
[ECO "E03"]
[WhiteElo "2479"]
[BlackElo "2397"]
[Annotator "ChessBase"]
[PlyCount "143"]
[EventDate "2019.07.06"]
[EventType "tourn"]
[EventCountry "SWE"]
[SourceTitle "playchess.com"]
[Source "ChessBase"]
[SourceQuality "1"]
[TimeControl "40/5400+30:1800+30"]

1. Nf3 d5 2. d4 Nf6 3. c4 e6 4. g3 dxc4 5. Qa4+ Nbd7 6. Bg2 a6 7. Qxc4 b5 8. Qd3 Bb7 9. O-O Be7 10. a4 b4 11. Bg5 c5 12. Nbd2 O-O 13. Nc4 Be4 14. Qd1 Rc8 15. Rc1 cxd4 16. Nxd4 Bxg2 17. Kxg2 Nc5 18. Kg1 Qd5 19. h4 Nxa4 20. Qxa4 Rxc4 21. Nc6 Bd6 22. Qxa6 Rxc1 23. Rxc1 Ne4 24. Be3 h6 25. Qc4 Nc3 26. Qxd5 Nxd5 27. Bc5 Bxc5 28. Rxc5 Ra8 29. Rb5 Ra1+ 30. Kg2 Rb1 31. e4 Nf6 32. Rb8+ Kh7 33. Rxb4 Ng4 34. Rb7 Rc1 35. Nd4 Rc4 36. Nb5 f5 37. exf5 exf5 38. Nc3 f4 39. Re7 fxg3 40. fxg3 Rb4 41. Re2 Nf6 42. Na2 Rb3 43. Nc1 Rb5 44. Kf3 g5 45. hxg5 Rf5+ 46. Kg2 Rxg5 47. Nd3 h5 48. Kh3 h4 49. gxh4 Rd5 50. Ne5 Rb5 51. Nf3 Rb3 52. Kg2 Nd5 53. Kg3 Ne3 54. Kf4 Nc4 55. Ng5+ Kg7 56. Re7+ Kf8 57. Rc7 Nxb2 58. h5 Nd3+ 59. Kf5 Rb5+ 60. Kf6 Rb6+ 61. Ne6+ Kg8 62. Ke7 Kh7 63. Rc8 Rb7+ 64. Kf6 Rb6 65. Rc4 Ra6 66. Ke7 Kh6 67. Rd4 Ne5 68. Kf6 Nf3 69. Rd8 Kxh5 70. Rh8+ Kg4 71. Rg8+ Kh3 72. Rh8+ 1/2-1/2

[Event "SWE-ch 2019"]
[Site "Eskilstuna"]
[Date "2019.07.13"]
[Round "8.1"]
[White "Lokander, Martin"]
[Black "Hillarp Persson, Tiger"]
[Result "1/2-1/2"]
[ECO "D24"]
[WhiteElo "2397"]
[BlackElo "2562"]
[Annotator "ChessBase"]
[PlyCount "236"]
[EventDate "2019.07.06"]
[EventType "tourn"]
[EventCountry "SWE"]
[SourceTitle "playchess.com"]
[Source "ChessBase"]
[SourceQuality "1"]
[TimeControl "40/5400+30:1800+30"]

1. Nf3 Nf6 2. c4 e6 3. Nc3 d5 4. d4 dxc4 5. e4 b5 6. e5 Nd5 7. Nxb5 Nb6 8. Be2 Be7 9. O-O Nc6 10. Qd2 Bb7 11. Qf4 Qd7 12. Rd1 g5 13. Nxg5 Bxg5 14. Qxg5 Ne7 15. d5 O-O-O 16. Nc3 Nexd5 17. Qh5 Rdg8 18. Bf3 f5 19. exf6 Nxf6 20. Bxb7+ Kxb7 21. Rxd7 Nxh5 22. Rf7 Rf8 23. Re7 Re8 24. Rf7 Ref8 25. Re7 Re8 26. Rxe8 Rxe8 27. Ne4 Ng7 28. Bf4 e5 29. Be3 Nf5 30. Rd1 Kc6 31. Nc3 Rg8 32. Kf1 h5 33. g3 Nxe3+ 34. fxe3 Nc8 35. Nd5 Rg7 36. Nb4+ Kc5 37. Nd5 Nd6 38. Nc3 Kc6 39. Rd5 Re7 40. Ra5 Re8 41. Ra6+ Kd7 42. Rxa7 Rb8 43. Nd1 Ne4 44. Ke2 Kd6 45. Ra6+ c6 46. Ra4 Kd5 47. Ra5+ Ke6 48. Ra6 Rd8 49. Rxc6+ Kf5 50. a4 Rd2+ 51. Ke1 Rxh2 52. a5 Rh1+ 53. Ke2 Rh2+ 54. Ke1 Rh1+ 55. Ke2 Nxg3+ 56. Kf3 Ne4 57. Nc3 Rf1+ 58. Ke2 Rf2+ 59. Ke1 Rxb2 60. Nxe4 Kxe4 61. Rxc4+ Kxe3 62. Rc3+ Kd4 63. Ra3 Rb7 64. a6 Ra7 65. Ke2 h4 66. Ra4+ Kd5 67. Rxh4 Rxa6 68. Kd3 e4+ 69. Ke2 Ra2+ 70. Ke3 Ra3+ 71. Ke2 Kd4 72. Rh8 Ra2+ 73. Ke1 Kd3 74. Re8 Ke3 75. Kf1 Ra1+ 76. Kg2 Rd1 77. Re7 Rd2+ 78. Kf1 Rd1+ 79. Kg2 Kd3 80. Kf2 Rd2+ 81. Ke1 Re2+ 82. Kf1 Kd2 83. Rd7+ Ke3 84. Re7 Rc2 85. Re8 Rc4 86. Re7 Rd4 87. Ke1 Ra4 88. Kf1 Ra1+ 89. Kg2 Re1 90. Ra7 Re2+ 91. Kf1 Rd2 92. Re7 Rc2 93. Re8 Rc6 94. Re7 Rf6+ 95. Ke1 Kf3 96. Kf1 Rf4 97. Re8 Ke3+ 98. Ke1 Rh4 99. Kf1 Rh3 100. Re7 Rh2 101. Re8 Rh1+ 102. Kg2 Rd1 103. Re7 Kd3 104. Kf2 Rd2+ 105. Ke1 Re2+ 106. Kf1 Rc2 107. Rd7+ Ke3 108. Re7 Rc1+ 109. Kg2 Kd3 110. Kf2 Rc2+ 111. Ke1 Rh2 112. Re8 Ke3 113. Kf1 Rh4 114. Re7 Rf4+ 115. Ke1 Kf3 116. Kf1 Rf8 117. Re6 Ra8 118. Rf6+ Ke3 1/2-1/2

[Event "SWE-ch 2019"]
[Site "Eskilstuna"]
[Date "2019.07.13"]
[Round "8.2"]
[White "Hector, Jonny"]
[Black "Wiedenkeller, Michael"]
[Result "1-0"]
[ECO "C50"]
[WhiteElo "2487"]
[BlackElo "2461"]
[Annotator "ChessBase"]
[PlyCount "165"]
[EventDate "2019.07.06"]
[EventType "tourn"]
[EventCountry "SWE"]
[SourceTitle "playchess.com"]
[Source "ChessBase"]
[SourceQuality "1"]
[TimeControl "40/5400+30:1800+30"]

1. e4 e5 2. Nf3 Nc6 3. Bc4 Bc5 4. O-O Nf6 5. d3 O-O 6. Bb3 h6 7. Nbd2 Re8 8. Re1 d6 9. c3 Be6 10. Ba4 Bb6 11. Nc4 Bxc4 12. dxc4 a5 13. h3 Nd7 14. a3 Nc5 15. Bc2 a4 16. Be3 Qb8 17. Nh4 Re6 18. Nf5 Qa7 19. h4 Nd7 20. Bxb6 Nxb6 21. Bd3 Nd7 22. h5 Kh8 23. Re3 Ne7 24. Nh4 Rf6 25. Bc2 Nc5 26. Qe2 Qb6 27. Rb1 Re8 28. g3 Nc6 29. Nf5 Ne7 30. Qg4 Nxf5 31. exf5 Qc6 32. Rbe1 Qb6 33. R3e2 Kh7 34. Kg2 Rb8 35. Bb1 Qc6+ 36. f3 b5 37. cxb5 Rxb5 38. Rf2 Qb7 39. Ree2 Kh8 40. Kh2 Kg8 41. Qh3 Qb8 42. Qf1 Kh7 43. Qc1 Nb3 44. Qd1 Nc5 45. g4 c6 46. Kg2 d5 47. Qe1 Nd7 48. Qc1 Kh8 49. Kf1 Rd6 50. Qc2 d4 51. cxd4 Rxd4 52. f6 Nxf6 53. Qxc6 Rbd5 54. Bf5 Rd8 55. Re1 Nd5 56. Rfe2 Qb3 57. Kf2 Nf4 58. Rxe5 Nd3+ 59. Bxd3 Qxd3 60. Re8+ Kh7 61. Rxd8 Rxd8 62. Qe4+ Qxe4 63. Rxe4 Rd2+ 64. Ke3 Rxb2 65. Rxa4 Rb3+ 66. Ke4 g6 67. hxg6+ Kxg6 68. Ra5 f6 69. Kf4 Rc3 70. a4 Rc4+ 71. Ke3 Rb4 72. Ra8 f5 73. Ra6+ Kg5 74. Ra5 Kg6 75. gxf5+ Kf6 76. Ra8 Kxf5 77. a5 Kf6 78. a6 Ra4 79. a7 Kg7 80. Kf2 h5 81. Kg3 Kh7 82. f4 Kg7 83. f5 1-0

[Event "SWE-ch 2019"]
[Site "Eskilstuna"]
[Date "2019.07.13"]
[Round "8.3"]
[White "Blomqvist, Erik"]
[Black "Smith, Axel"]
[Result "1-0"]
[ECO "C02"]
[WhiteElo "2492"]
[BlackElo "2469"]
[Annotator "ChessBase"]
[PlyCount "105"]
[EventDate "2019.07.06"]
[EventType "tourn"]
[EventCountry "SWE"]
[SourceTitle "playchess.com"]
[Source "ChessBase"]
[SourceQuality "1"]
[TimeControl "40/5400+30:1800+30"]

1. e4 e6 2. d4 d5 3. e5 c5 4. c3 Nc6 5. Nf3 Bd7 6. Be2 Rc8 7. O-O cxd4 8. cxd4 Nge7 9. Nc3 Ng6 10. g3 Be7 11. h4 h6 12. Bd3 Nf8 13. Bd2 a6 14. Rc1 b5 15. a4 Nb4 16. Bb1 bxa4 17. Nxa4 Rxc1 18. Bxc1 Bb5 19. Re1 Nd7 20. Nc3 Bc6 21. Ne2 Qa5 22. Bd2 Qb5 23. b3 a5 24. Qc1 Qb7 25. Nf4 h5 26. Ng5 Bxg5 27. hxg5 g6 28. Kg2 Rg8 29. Qc3 Ke7 30. Rc1 Bb5 31. Qf3 Qb6 32. Bc3 Bc6 33. Bb2 Bb5 34. g4 hxg4 35. Qxg4 Qa6 36. Qh3 Nf8 37. Ba3 Kd8 38. Qc3 Qb7 39. Rh1 Qe7 40. Qg3 Rg7 41. Bd3 Be8 42. Rh8 Rh7 43. Rg8 Kc7 44. Be2 Bc6 45. Nh3 Nd7 46. f4 Kb7 47. Nf2 Nb6 48. Ng4 Qc7 49. Qc3 f5 50. gxf6 Qf7 51. Nh6 Qc7 52. Rxg6 Be8 53. Qxc7+ 1-0